 Dungeon Crawl Stone Soup version 0.28.0-53-g5a82cb258f (webtiles) character file.

Game seed: 4147957657141218030

53 DildoBatman the Conjurer (level 4, 0/30 HPs)
             Began as a Formicid Conjurer on June 1, 2022.
             Slain by a goblin
             ... wielding a +0 club
              (2 damage)
             ... on level 2 of the Dungeon.
             The game lasted 00:02:19 (924 turns).

DildoBatman the Conjurer (Formicid Conjurer)         Turns: 924, Time: 00:02:19

Health: 0/30       AC:  2    Str: 12    XL:     4   Next: 11%
Magic:  7/7        EV: 12    Int: 17    God:
Gold:   44         SH:  0    Dex: 11    Spells: 4/7 levels left

rFire   . . .      SeeInvis +   g - +0 mace
rCold   . . .      Faith    .   (no shield)
rNeg    . . .      Spirit   .   a - +0 robe
rPois   .          Reflect  .   (helmet unavailable)
rElec   .          Harm     .   (no cloak)
rCorr   .          Rampage  .   (no gloves)
Will    .....                   (no boots)
Stlth   ++........              (no amulet)
HPRegen 0.10/turn               (no ring)
MPRegen 0.10/turn               (no ring)

@: no status effects
A: permanent stasis, dig shafts and tunnels, antennae 3, four strong arms
a: Dig, Shaft Self


You were on level 2 of the Dungeon.
You visited 1 branch of the dungeon, and saw 2 of its levels.

You collected 44 gold pieces.

Inventory:

Hand Weapons
 c - a +0 short sword
 g - a +0 mace (weapon)
Missiles
 d - 30 arrows
 e - 56 stones
 f - 5 boomerangs
 k - 5 atropa-tipped darts
Armour
 a - a +0 robe (worn)
Scrolls
 b - a scroll of noise {unknown}
 h - a scroll of acquirement {unknown}
 i - a scroll of identify {unknown}
 j - a scroll of fog {unknown}


   Skills:
 - Level 1.7 Dodging
 - Level 2.4 Stealth
 - Level 2.1 Spellcasting
 * Level 4.9 Conjurations


You had 4 spell levels left.
You knew the following spells:

 Your Spells              Type           Power      Damage    Failure   Level
a - Searing Ray           Conj           36%        2d5       3%          2
c - Magic Dart            Conj           72%        1d6       2%          1

Your spell library contained the following spells:

 Spells                   Type           Power      Damage    Failure   Level
 Dazzling Flash           Conj/Hex       20%        N/A       21%         3
 Fulminant Prism          Conj/Hex       5%         3d7       56%         4
 Iskenderun's Mystic Bla  Conj/Tloc      10%        2d4       56%         4


Dungeon Overview and Level Annotations

Branches:
Dungeon (2/15)

Altars:


Innate Abilities, Weirdness & Mutations

You cannot be hasted, slowed, berserked, paralysed or teleported.
You can dig through walls and to a lower floor.
You have a pair of large antennae on your head. (SInv)
Your four strong arms can wield two-handed weapons with a shield.


Message History

What are your orders? t - Shout!
Orders for allies: a - Attack new target. r - Retreat! s - Stop attacking. g - Guard the area. f - Follow me.
Anything else - Cancel.
You shout for attention!
The bat hits you. The bat misses you. The goblin barely misses you.
What are your orders? t - Shout!
Orders for allies: a - Attack new target. r - Retreat! s - Stop attacking. g - Guard the area. f - Follow me.
Anything else - Cancel.
You shout for attention!
The bat hits you but does no damage. x2
The goblin barely misses you. What are your orders? t - Shout!
Orders for allies: a - Attack new target. r - Retreat! s - Stop attacking. g - Guard the area. f - Follow me.
Anything else - Cancel.
You shout for attention!
The bat barely misses you. x2
The goblin closely misses you. What are your orders? t - Shout!
Orders for allies: a - Attack new target. r - Retreat! s - Stop attacking. g - Guard the area. f - Follow me.
Anything else - Cancel.
You shout for attention!
The bat closely misses you. The bat barely misses you. x2
The bat hits you but does no damage. The goblin hits you with a +0 club.
You die...

#####
##...######
#####.....#...
..........<.#
#.........###
#............
#....<....#
##....bb..#
##..@..#....
##.g.## .#.
...†..#
#.......#
#.......#
.........#
.##.......#
#.....(.#


You could see a goblin and 2 bats.

Vanquished Creatures
  An adder (D:2)
  A dart slug (D:1)
  2 ball pythons (D:1)
  2 endoplasms (D:1)
  4 giant cockroaches (D:1)
  8 goblins (D:1)
  3 hobgoblins (D:1)
  4 jackals (D:1)
  4 kobolds (D:1)
  3 bats (D:1)
  A frilled lizard (D:1)
  2 rats (D:1)
35 creatures vanquished.

Notes
Turn   | Place    | Note
-------+----------+-------------------------------------------
     0 | D:1      | DildoBatman the Formicid Conjurer began the quest for the
                  | Orb.
     0 | D:1      | Reached XP level 1. HP: 13/13 MP: 3/3
   188 | D:1      | Found a faded altar of an unknown god.
   202 | D:1      | Reached skill level 4 in Conjurations
   202 | D:1      | Reached XP level 2. HP: 19/19 MP: 1/5
   232 | D:1      | Learned a level 2 spell: Searing Ray
   329 | D:1      | Reached XP level 3. HP: 17/24 MP: 3/6
   848 | D:2      | Reached XP level 4. HP: 30/30 MP: 3/7
   924 | D:2      | Slain by a goblin

Illustrated notes

Levels and vault maps discovered:
D:1:      nagdon_arrival_zigzag_paths, layout_basic,
          hellmonk_ecumenical_altar_lost_god, hangedman_glass_teeth
D:2:      layout_loops_cross, serial_shops, shop

Skill      XL: |  1 |
---------------+----+-----
Conjurations   | 4 |  4.9
Dodging        | |  1.7
Stealth        | |  2.4
Spellcasting   | |  2.1

Action                   |  1- 3 |  4- 6 || total
-------------------------+-------+-------++-------
Melee: Short sword       |     2 |       ||     2
       Mace              |    34 |       ||    34
       Punch             |     1 |       ||     1
 Cast: Magic Dart        |    27 |       ||    27
       Searing Ray       |     7 |       ||     7
 Stab: Sleeping          |     1 |       ||     1
Armor: Robe              |     9 |    46 ||    55
Dodge: Dodged            |    31 |   106 ||   137
